Femol, chaotic female elven Wizard ----------- ----------- ----------- ----------- |[[)+)*[+/| |.........| |<........| |.........| |/_[()(/)(| |.........| #..........| |.........| |["%+`(=%=| |.........| ###|.........| |.........| |=?="*%(?)| |.........| # |.........-#######..........| |..J@.....| |..........##### |.........| |.........| --|-------- ---|------- ----.------ ----------- ## ### ### # # # ####### ## ## ---------.- ------|---- -|--------- ----------- |.........-#######-.........| |.........| |.........| |.........| |.........| |.........| |.........| |.........| |.........| |.........| |.........| |.........| |>........| |.>.......| |.........| |.........| |.........| |..........#######..........| ----------- ----------- ----------- ----------- Femol the Conjurer Experience level: 3 Strength: 9 Dexterity: 13 Constitution: 9 Intelligence: 20 Wisdom: 11 Charisma: 14 Health: 0(26) Energy: 29(29) AC: 9 Gold: 0 Moves: 1409 Your Inventory: Weapons a - a blessed +1 quarterstaff (weapon in hands) s - an [uncursed +0] sling t - an [uncursed +0] elven spear u - an [uncursed +0] sling Armor b - a blessed +0 cloak of magic resistance (being worn) q - an [uncursed +0] studded leather armor Scrolls i - an uncursed scroll of destroy armor j - an uncursed scroll of identify k - an uncursed scroll of scare monster Spellbooks l - a blessed spellbook of force bolt m - an uncursed spellbook of slow monster Potions g - an uncursed potion of water Rings d - an uncursed ring of poison resistance (on right hand) e - an uncursed ring of warning (on left hand) Wands c - a blessed wand of probing (0:0) Tools n - an uncursed wooden flute p - an [uncursed] blindfold v - an [uncursed] leash Gems o - an [uncursed] white gem [worthless glass] Spells known in the end: Name Level Category Fail Memory a - force bolt 1 attack 0% [||||||||] b - slow monster 2 enchantment 0% [||||||||] Your skills at the end: Fighting Skills Weapon Skills quarterstaff [Basic / Expert] Spellcasting Skills attack spells [Basic / Expert] enchantment spells [Basic / Skilled] Final Attributes: You were devoutly aligned. Hunger level was 222. Your alignment was 15 / 17. Monster difficulty range was 0 - 2. Level difficulty was 2. You were immune to poison. You were magic-protected. You were hallucinating. You saw invisible. You were warned. You had infravision. Your luck was zero. You are dead. Vanquished creatures: a kitten a hobbit 2 yellow molds 2 green molds 6 jackals 2 kobolds 9 grid bugs a lichen 5 newts and a partridge in a pear tree 29 creatures vanquished. Voluntary challenges: You were an atheist. You used a wielded weapon 27 times. You read items or engraved 1 time. You put on armor 1 time. You never genocided any monsters. You never polymorphed an object. You never changed form. You used no wishes. You never wrote Elbereth's name. You never encountered a bones level. You never used any Sokoban shortcuts. Dungeon overview: The Dungeons of Doom: levels 1 to 2 Level 1 a long staircase Level 2 <- You were here an armor shop a long staircase History has recorded: On T:1 you entered the Dungeons of Doom to retrieve the Amulet of Yendor! On T:825 you advanced to experience level 2. On T:997 you reached level 2 of The Dungeons of Doom. On T:1201 you advanced to experience level 3. Latest messages: The mortar orc gets angry! The stone golem zaps an ebony wand! Boing! The Bluebear zaps a wand of striking! Boing! You miss the existential angst. The dwarf zombie zaps a wand of striking! Boing! The baby grainy dragon zaps a wand of striking! Boing! You miss the giant cockroach. The human mummy zaps a wand of striking! Boing! The nightmare zaps a wand of striking! Boing! You miss the bugbear. The ettin mummy hits! The Greater Hell Beast hits! [HP-25=1] You miss the Elvenking. The demilich hits! You die... Boyabai takes all your possessions. Final status: Goodbye Femol the Wizard... You died in The Dungeons of Doom on dungeon level 2 with 318 points, and 0 pieces of gold, after 1409 moves. You were level 3 with a maximum of 26 hit points when you died.